 Dungeon Crawl Stone Soup version 0.29.0-13-gc9e81de378 (webtiles) character file.

Game seed: 10656511036413581087

120 Anothat the Slasher (level 5, 0/36 (41) HPs)
             Began as a Formicid Gladiator on Sept 9, 2022.
             Slain by Duvessa
             ... wielding a +0 short sword
              (6 damage)
             ... on level 4 of the Dungeon.
             The game lasted 00:03:35 (3063 turns).

Anothat the Slasher (Formicid Gladiator)            Turns: 3063, Time: 00:03:36

HP:   0/36 (41)     AC:  4    Str: 18    XL:     5   Next: 25%
MP:   5/5           EV: 13    Int:  8    God:
Gold: 118           SH:  0    Dex: 17    Spells: 4/4 levels left

rFire   + . .      SeeInvis +   a - +0 long sword
rCold   + . .      Faith    .   (no shield)
rNeg    . . .      Spirit   .   b - +0 leather armour
rPois   +          Reflect  .   (helmet unavailable)
rElec   +          Harm     .   (no cloak)
rCorr   +          Rampage  .   j - +0 pair of gloves
Will    .....                   (no boots)
Stlth   +.........              (no amulet)
HPRegen 0.12/turn               (no ring)
MPRegen 0.09/turn               (no ring)

@: resistant, flying, heavily drained
A: permanent stasis, dig shafts and tunnels, antennae 3, four strong arms
a: Dig, Shaft Self


You were on level 4 of the Dungeon.
You visited 1 branch of the dungeon, and saw 4 of its levels.

You collected 118 gold pieces.

Inventory:

Hand Weapons
 a - a +0 long sword (weapon)
Missiles
 c - 3 throwing nets (quivered)
 d - a javelin
Armour
 b - a +0 leather armour (worn)
 j - a +0 pair of gloves (worn)
Wands
 o - a wand of flame (15)
Scrolls
 f - a scroll of enchant weapon {unknown}
 g - a scroll of vulnerability {unknown}
 k - 2 scrolls of noise
 l - 6 scrolls of identify
 n - a scroll of teleportation
 q - a scroll of fear {unknown}
Potions
 m - a potion of curing {unknown}
 p - a potion of invisibility {unknown}


   Skills:
 + Level 3.3 Fighting
 * Level 4.4 Long Blades
 - Level 2.0 Throwing
 + Level 3.4 Dodging


You had 4 spell levels left.
You didn't know any spells.
Your spell library contained the following spells:

 Spells                   Type           Power      Damage    Failure   Level
 Foxfire                  Conj/Fire      0%         2x1d4     45%         1
 Scorch                   Fire           0%         2d5       61%         2
 Sublimation of Blood     Necr           0%         N/A       61%         2
 Conjure Flame            Conj/Fire      0%         6-21      83%         3
 Inner Flame              Hex/Fire       0%         N/A       83%         3
 Flame Wave               Conj/Fire      0%         2d4       99%         4
 Petrify                  Tmut/Erth      0%         N/A       99%         4
 Irradiate                Conj/Tmut      0%         3d11      100%        5
 Summon Cactus Giant      Summ           0%         N/A       100%        6


Dungeon Overview and Level Annotations

Branches:
Dungeon (4/15)
 Temple: D:4-7

Altars:
Kikubaaqudgha

Annotations:
D:4 Dowan, Duvessa


Innate Abilities, Weirdness & Mutations

You cannot be hasted, slowed, berserked, paralysed or teleported.
You can dig through walls and to a lower floor.
You have a pair of large antennae on your head. (SInv)
Your four strong arms can wield two-handed weapons with a shield.


Message History

Okay, then.
Okay, then.
As you read the scroll labelled LUUCRI RIOXKIWN, it crumbles to dust.
You hear a loud clanging noise!
It was a scroll of noise.
You hear an angry hiss.
The gnoll hits you but does no damage.
As you read the scroll labelled LOZUAN ON CEI, it crumbles to dust.
It is a scroll of identify.
n - a scroll of teleportation The gnoll barely misses you.
The gnoll hits you from afar with a +0 spear.
Okay, then.
You extend your mandibles.
You dig through the rock wall.
You feel drained.
You dig through the rock wall.
You feel drained.
Dowan mumbles some strange words.
Dowan blinks!
You dig through the rock wall.
You feel drained.
You retract your mandibles.
You hit the gnoll.
The gnoll is lightly wounded.
The gnoll misses you.
You closely miss the gnoll.
The gnoll is lightly wounded.
The gnoll hits you but does no damage.
You slash the gnoll!
The gnoll is severely wounded.
The gnoll hits you with a +0 club.
You slash the gnoll!
You kill the gnoll!
It was a potion of resistance.
You feel protected. Duvessa hits you with a +0 short sword!
It was a potion of flight.
You feel very buoyant.
You fly up into the air.
Duvessa hits you with a +0 short sword.
* * * LOW HITPOINT WARNING * * *
It was a potion of magic.
Magic courses through your body. Duvessa hits you with a +0 short sword.
You die...

#........ ##.......
#........ #........
###....>... #......{...
##.#........ ###
...##....... ##@# ##.#
#....... #e####..#
##....###
##{{.ยง.####.?.###
##{##.{....))#
########..##........#
#.......g...........##
#.......................
#.........##....>.......
#.........##...(....##.?.


You could see Duvessa.

Vanquished Creatures
  A gnoll (D:4)
  2 adders (D:2)
  A worm (D:2)
  2 dart slugs (D:1)
  5 orcs
  14 endoplasms
  3 giant cockroaches
  6 goblins
  8 hobgoblins
  7 jackals
  3 kobolds
  4 quokkas
  4 ball pythons
  2 bats
  4 frilled lizards (D:1)
  4 rats
70 creatures vanquished.

Notes
Turn   | Place    | Note
-------+----------+-------------------------------------------
     0 | D:1      | Anothat the Formicid Gladiator began the quest for the Orb.
     0 | D:1      | Reached XP level 1. HP: 16/16 MP: 1/1
   145 | D:1      | Reached XP level 2. HP: 7/23 MP: 2/2
   734 | D:1      | Reached XP level 3. HP: 28/28 MP: 3/3
  1300 | D:2      | Reached XP level 4. HP: 34/34 MP: 4/4
  1393 | D:2      | Reached skill level 4 in Long Blades
  1534 | D:2      | Found an ancient bone altar of Kikubaaqudgha.
  2207 | D:3      | Found a faded altar of an unknown god.
  2620 | D:3      | Reached XP level 5. HP: 39/41 MP: 5/5
  2846 | D:4      | Noticed Duvessa
  2847 | D:4      | Noticed Dowan
  3063 | D:4      | Slain by Duvessa

Illustrated notes

Levels and vault maps discovered:
D:1:      moated_graveyard_arrival, layout_basic, roderic_roman_lattice
D:2:      layout_loops_ring, basic_altar
D:3:      wad_lake_hut, layout_rooms, ebering_ecumenical_altar_sacrificial
D:4:      layout_rooms, tso_oasis_becter, overflow_temple_1_default,
          gammafunk_ghost_gnarly_gnolls, serial_shops, shop, uniq_duvessa

Skill      XL: |  1  2  3  4 |
---------------+-------------+-----
Dodging        | 3 |  3.4
Long Blades    | 4 |  4.4
Fighting       | 3 |  3.3
Throwing       | |  2.0

Action                   |  1- 3 |  4- 6 || total
-------------------------+-------+-------++-------
Melee: Long sword        |    81 |   150 ||   231
       Punch             |     2 |       ||     2
 Abil: Dig               |       |     1 ||     1
  Use: Potion            |       |     3 ||     3
       Scroll            |       |     2 ||     2
 Stab: Sleeping          |       |     3 ||     3
Armor: Leather armour    |    32 |    57 ||    89
Dodge: Dodged            |    56 |   141 ||   197
